 Dungeon Crawl Stone Soup version 0.27-a0-1060-gcb85b5eba1 (webtiles) character file.

Game seed: 4630458492757264711

34 oldmanjim the Ruffian (level 3, -2/37 HPs)
             Began as a Troll Monk on Apr 22, 2021.
             Slain by a gnoll
             ... wielding a +0 spear
              (6 damage)
             ... on level 1 of the Dungeon.
             The game lasted 00:04:30 (692 turns).

oldmanjim the Ruffian (Troll Monk)                   Turns: 692, Time: 00:04:30

Health: -2/37      AC:  4    Str: 19    XL:     3   Next: 14%
Magic:  2/2        EV: 10    Int:  6    God:
Gold:   13         SH:  0    Dex: 13    Spells: 2/2 levels left

rFire    . . .     SeeInvis .     - Unarmed
rCold    . . .     Faith    .   (no shield)
rNeg     . . .     Spirit   .   a - +0 robe
rPois    .         Reflect  .   (helmet restricted)
rElec    .         Harm     .   (no cloak)
rCorr    .         Rampage  .   (gloves unavailable)
Will     .....                  (boots unavailable)
Stlth    ++........             (no amulet)
HPRegen  1.12/turn              (no ring)
MPRegen  0.08/turn              (no ring)

@: no status effects
A: large, unfitting armour, claws 3, regeneration 1, shaggy fur 1, tough skin 1
a: no special abilities


You were on level 1 of the Dungeon.
You visited 1 branch of the dungeon, and saw 2 of its levels.

You collected 43 gold pieces.
You spent 30 gold pieces at shops.

Inventory:

Missiles
 e - 2 throwing nets
 h - 4 large rocks (quivered)
Armour
 a - a +0 robe (worn)
Jewellery
 d - a ring of willpower
Scrolls
 c - a scroll of identify {unknown}
 f - a scroll of fear {unknown}
 g - 2 scrolls of teleportation
Potions
 b - a potion of degeneration {unknown}


   Skills:
 + Level 3.0 Fighting
 - Level 2.4 Dodging
 - Level 1.0 Stealth
 + Level 3.6 Unarmed Combat


You had 2 spell levels left.
You didn't know any spells.
Your spell library contained the following spells:

 Spells                   Type           Power      Damage    Failure   Level
 Animate Skeleton         Necr           0%         N/A       45%         1
 Pain                     Necr           0%         1d4       45%         1
 Vampiric Draining        Necr           0%         2d6       83%         3
 Animate Dead             Necr           0%         N/A       99%         4
 Agony                    Necr           0%         N/A       100%        5


Dungeon Overview and Level Annotations

Branches:
Dungeon (2/15)

Altars:

Shops:
D:1 ?


Innate Abilities, Weirdness & Mutations

You are too large for most types of armour.
You have claws for hands.
Your natural rate of healing is unusually fast.
You are covered in fur. (AC +1)
You have tough skin. (AC +1)


Message History

The adder closely misses you.
The gnoll hits you from afar with a +0 spear!
The gnoll barely misses you. The gnoll misses you. The adder barely misses you.
The endoplasm quivers.
You climb upwards.
There is a stone staircase leading down here.
You closely miss the adder. The gnoll barely misses you.
The gnoll hits you with a +0 club. The adder closely misses you.
You closely miss the adder. The adder barely misses you.
The gnoll hits you with a +0 club! The gnoll barely misses you.
You scratch the adder.
The adder is lightly wounded.
The adder bites you but does no damage. The gnoll barely misses you.
The gnoll completely misses you.
You scratch the adder.
The adder is heavily wounded.
The adder barely misses you. The gnoll hits you with a +0 club.
The gnoll hits you with a +0 spear. The adder bites you but does no damage.
You closely miss the adder.
The adder is heavily wounded.
The adder bites you but does no damage. The gnoll hits you with a +0 club!
The gnoll hits you with a +0 spear.
* * * LOW HITPOINT WARNING * * *
You closely miss the adder.
The adder is heavily wounded.
The adder bites you but does no damage. The gnoll closely misses you.
The gnoll hits you with a +0 spear.
* * * LOW HITPOINT WARNING * * *
You barely miss the adder.
The adder is heavily wounded.
The adder bites you but does no damage. The gnoll hits you with a +0 club.
* * * LOW HITPOINT WARNING * * *
The gnoll hits you with a +0 spear.
* * * LOW HITPOINT WARNING * * *
You closely miss the adder.
The adder is heavily wounded.
The adder bites you.
* * * LOW HITPOINT WARNING * * *
The gnoll barely misses you. The gnoll hits you with a +0 spear.
You die...

#########.###.#
#.............#
#.###########.####
#...........#....#
######
##....#####.####.#
#....# #....#
#.....#.# #....#
#....# ##.##.#.#
#....# ######
#g#..#.###....####
#@S......'....'...
#g#..#.###....####
##.##.#.# #....#
#.....#.# ######
#..##.#.#####
#.....#.#...#
#....##.#...#######
#.^....(....'......
###..####...#######


You could see 2 gnolls and an adder.

Vanquished Creatures
  A gnoll (D:1)
  A dart slug (D:1)
  A hobgoblin (D:1)
  2 quokkas (D:1)
  6 frilled lizards (D:1)
  4 goblins (D:1)
  8 kobolds (D:1)
23 creatures vanquished.

Vanquished Creatures (others)
  11 plants (D:1)
11 creatures vanquished.

Grand Total: 34 creatures vanquished

Notes
Turn   | Place    | Note
-------+----------+-------------------------------------------
     0 | D:1      | oldmanjim the Troll Monk began the quest for the Orb.
     0 | D:1      | Reached XP level 1. HP: 22/22 MP: 0/0
   198 | D:1      | Reached XP level 2. HP: 29/29 MP: 1/1
   534 | D:1      | Found Pauwk's Magic Scroll Shoppe.
   540 | D:1      | Bought a scroll of teleportation for 30 gold pieces
   656 | D:1      | Reached XP level 3. HP: 12/37 MP: 2/2
   692 | D:1      | Slain by a gnoll

Illustrated notes

Levels and vault maps discovered:
D:1:      onia_arrival_mini_spirals, layout_basic, serial_shops,
          nicolae_shop_competitors_out_of_business, lexackson_kobold_supper
D:2:      layout_basic, shapermc_ecumenical_altar_mp_vishouse, st_stairs_7,
          uniq_terence

Skill      XL: |  1  2 |
---------------+-------+-----
Fighting       | 3 |  3.0
Dodging        | |  2.4
Stealth        | |  1.0
Unarmed Combat | |  3.6

Action                   || total
-------------------------++-------
Melee: Unarmed           ||    65
 Stab: Sleeping          ||     1
Armor: Robe              ||    20
Dodge: Dodged            ||    36

Table legend: (Time is in decaauts)
 A = Elapsed time spent in this place.
 B = Non-inter-level travel time spent in this place.
 C = Inter-level travel time spent in this place.
 D = Time resting spent in this place.
 E = Time spent auto-exploring this place.
 F = Levels seen in this place.
 G = Mean time per level.
                   A        B        C        D        E       F      G
               +--------+--------+--------+--------+--------+-----+--------+
         Total |    689 |    678 |     11 |      0 |    524 |   2 |  344.5 |
       Dungeon |    689 |    678 |     11 |      0 |    524 |   2 |  344.5 |
               +--------+--------+--------+--------+--------+-----+--------+

Top non-repeatable levels by time:
     D:1: 679 daAuts
     D:2: 10 daAuts
